 Dungeon Crawl Stone Soup version 0.24.0-5-g267a8d59f4 (webtiles) character file.

Game seed: 14648579130134985956, levelgen mode: deterministic

207 Esekla the Skirmisher (level 5, -2/46 HPs)
             Began as a Ghoul Chaos Knight on Nov 1, 2019.
             Was a Plaything of Xom.
             Slain by a small abomination (14 damage)
             ... summoned by the severe capriciousness of Xom
             ... on level 3 of the Dungeon.
             The game lasted 00:14:01 (1617 turns).

Esekla the Skirmisher (Ghoul Chaos Knight)          Turns: 1617, Time: 00:14:01

Health: -2/46      AC:  8    Str: 16      XL:     5   Next: 85%
Magic:  4/4        EV: 11    Int:  7 (8)  God:    Xom [......]
Gold:   136        SH:  0    Dex:  8      Spells: 4/4 levels left

rFire    + . .     SeeInvis .   a - +0 falchion (chaos)
rCold    + . .     Gourm    .   (no shield)
rNeg     + + +     Faith    .   b - +2 leather armour
rPois    ∞         Spirit   .   p - +2 helmet
rElec    .         Reflect  .   (no cloak)
rCorr    .         Harm     .   (no gloves)
MR       .....                  (no boots)
Stlth    +.........             (no amulet)
HPRegen  0.00/turn              i - ring of protection from fire
MPRegen  0.09/turn              (no ring)

@: about to teleport, rotting
A: rotting body, claws 1, carnivore, cold resistance 1, negative energy
resistance 3, inhibited regeneration, torment resistance, unbreathing
a: Renounce Religion


You were on level 3 of the Dungeon.
You worshipped Xom.
You were a very special plaything of Xom.
You were not hungry.

You visited 1 branch of the dungeon, and saw 3 of its levels.

You collected 136 gold pieces.

Inventory:

Hand Weapons
 a - a +0 falchion of chaos (weapon)
Missiles
 n - 7 atropa-tipped darts (quivered)
Armour
 b - a +2 leather armour (worn)
 p - a +2 helmet (worn)
Jewellery
 i - a ring of protection from fire (left claw)
Scrolls
 e - 2 scrolls of identify {unknown}
 h - 3 scrolls of teleportation
 l - a scroll of enchant weapon {unknown}
Potions
 f - a potion of curing
 g - a potion of agility {unknown}
 j - a potion of might {unknown}
 k - a potion of heal wounds {unknown}
 m - a potion of resistance {unknown}
 o - a potion of degeneration {unknown}
 q - a potion of brilliance {unknown}
Comestibles
 c - 4 rations
 d - 2 chunks of flesh


   Skills:
 + Level 4.2 Fighting
 + Level 3.9 Long Blades
 + Level 0.5 Throwing
 + Level 2.9 Armour
 + Level 1.4 Dodging
 + Level 2.0 Stealth


You had 4 spell levels left.
You didn't know any spells.
Your spell library was empty.

Dungeon Overview and Level Annotations

Branches:
Dungeon (3/15)

Altars:


Innate Abilities, Weirdness & Mutations

Your body is rotting away.
You thrive on raw meat.
You are immune to poison.
You have sharp fingernails.
You are carnivorous and can eat meat at any time.
Your flesh is cold resistant. (rC+)
You are immune to negative energy. (rN+++)
You do not regenerate when monsters are visible.
You are immune to unholy pain and torment.
You can survive without breathing.


Message History

Okay, then.
As you read the scroll labeled PYROHI FURIZ, it crumbles to dust.
You feel strangely unstable.
It was a scroll of teleportation.
The adder hisses angrily.
The adder completely misses your butterfly.
The small abomination hits you!
The adder completely misses your butterfly.
Okay, then.
Eat one of 4 chunks of flesh? (ye/n/q)
You eat one of the 4 chunks of flesh.
This raw flesh tastes great!
The small abomination hits you!
* * * LOW HITPOINT WARNING * * *
The small abomination hits you.
* * * LOW HITPOINT WARNING * * *
The adder misses your butterfly.
Eat one of 3 chunks of flesh? (ye/n/q)
You eat one of the 3 chunks of flesh.
This raw flesh tastes great!
The small abomination barely misses you.
The small abomination hits you!
You die...

.. ....< ......
.....# ###
.....# ..#
.....# #S#
..... #b#
..#.## #x#
...... #@####
###.# #bx..# .#
.# #b##.# .##.#
#############.#
....#
#.............#
#...#
#.#############
#...# #.# ##).#
#.# #.>###.#


You could see 2 small abominations and an adder.

Vanquished Creatures
  An ogre (D:3)
  Robin (D:3)
  A gnoll (D:1)
  4 adders
  A dart slug (D:1)
  2 leopard geckos
  A giant cockroach (D:2)
  9 hobgoblins
  3 jackals (D:3)
  A quokka (D:2)
  3 ball pythons
  8 bats
  2 frilled lizards
  12 goblins
  5 kobolds
  3 rats
57 creatures vanquished.

Notes
Turn   | Place    | Note
-------+----------+-------------------------------------------
     0 | D:1      | Esekla the Ghoul Chaos Knight began the quest for the Orb.
     0 | D:1      | Reached XP level 1. HP: 19/19 MP: 0/0
   139 | D:1      | XOM: butterfly on damage
   143 | D:1      | Reached XP level 2. HP: 14/27 MP: 1/1
   160 | D:1      | Reached skill level 1 in Dodging
   424 | D:1      | Reached XP level 3. HP: 33/33 MP: 2/2
   496 | D:1      | XOM: harmless Ice miscast
   636 | D:2      | XOM: harmless Erth miscast
   945 | D:2      | XOM: blink monster(s)
   954 | D:2      | XOM: noise
  1037 | D:3      | Noticed an ogre
  1043 | D:3      | Killed an ogre
  1043 | D:3      | Reached skill level 4 in Fighting
  1043 | D:3      | Reached skill level 1 in Stealth
  1043 | D:3      | Reached XP level 4. HP: 26/40 MP: 3/3
  1043 | D:3      | Reached XP level 5. HP: 30/46 MP: 4/4
  1268 | D:3      | XOM: harmless Tloc miscast
  1349 | D:3      | Noticed Robin
  1399 | D:3      | XOM: stat loss: -1 Int (7/8)
  1409 | D:3      | Killed Robin
  1612 | D:3      | XOM: medium Summ miscast
  1613 | D:3      | Noticed a small abomination
  1613 | D:3      | Noticed a small abomination
  1613 | D:3      | XOM: butterfly on damage
  1617 | D:3      | Slain by a small abomination

Levels and vault maps discovered:
D:1:      scummos_arrival_forest, layout_loops_ring,
          hangedman_decor_diamond_cutter, minmay_unequal
D:2:      layout_loops_ring, amethyst_overflow_temple_binary
D:3:      layout_basic, first_ration, chequers_ecumenical_altar_grove,
          st_stairs_7, supply_closet_lemuel, uniq_robin

Skill      XL: |  1  2  3  4  5 |
---------------+----------------+-----
Armour         | 2 |  2.9
Dodging        | 1 |  1.4
Long Blades    | 3 |  3.9
Fighting       | 4 |  4.2
Stealth        | 1 2 |  2.0
Throwing       | |  0.5

Action                   |  1- 3 |  4- 6 || total
-------------------------+-------+-------++-------
Melee: Falchion          |    64 |   124 ||   188
Throw: Dart              |     3 |     1 ||     4
  Use: Scroll            |       |     1 ||     1
 Stab: Confused          |     1 |       ||     1
       Invisible         |     1 |       ||     1
       Petrifying        |     1 |       ||     1
       Petrified         |       |     2 ||     2
       Paralysed         |       |     1 ||     1
  Eat: Chunk             |    12 |    12 ||    24
Armor: Leather armour    |    27 |    50 ||    77
Dodge: Dodged            |    48 |    82 ||   130
       Rpst.: Falchion   |    24 |    17 ||    41
